 Dungeon Crawl Stone Soup version 0.23.2-40-g277498a001 (console) character file.

Game seed: 8969361989718234004

435 Morrissey the Slinger (level 7, -10/46 HPs)
             Began as a Halfling Hunter on Sept 28, 2019.
             Was an Initiate of Okawaru.
             Shot with an arrow by a centaur (16 damage)
             ... on level 4 of the Dungeon.
             The game lasted 00:06:53 (3512 turns).

Morrissey the Slinger (Halfling Hunter)             Turns: 3512, Time: 00:06:54

Health: -10/46     AC:  4    Str: 18    XL:     7   Next: 21%
Magic:  7/7        EV: 16    Int:  9    God:    Okawaru [......]
Gold:   180        SH:  0    Dex: 17    Spells: 6/6 levels left

rFire    + . .     SeeInvis .   a - +1 hunting sling
rCold    . . .     Gourm    .   (shield restricted)
rNeg     . . .     Faith    .   c - +0 leather armour
rPois    .         Spirit   .   (no helmet)
rElec    .         Reflect  .   (no cloak)
rCorr    .         Harm     .   t - +0 pair of gloves
MR       .....                  (no boots)
Stlth    ++........             (no amulet)
HPRegen  0.15/turn              r - +5 ring of strength
MPRegen  0.10/turn              k - ring of protection from fire

@: no status effects
A: small, mutation resistance 1
a: Renounce Religion


You were on level 4 of the Dungeon.
You worshipped Okawaru.
Okawaru was noncommittal.
You were not hungry.

You visited 2 branches of the dungeon, and saw 5 of its levels.

You collected 180 gold pieces.

Inventory:

Hand Weapons
 a - a +1 hunting sling (weapon)
 b - a +3 dagger
 j - a +0 short sword
Missiles
 d - 15 sling bullets (quivered)
 e - 46 stones
Armour
 c - a +0 leather armour (worn)
 t - a +0 pair of gloves (worn)
Jewellery
 k - a ring of protection from fire (right hand)
 l - an uncursed ring of fire
 r - a +5 ring of strength (left hand)
Scrolls
 m - a scroll of fog {unknown}
 n - 2 scrolls of teleportation
 s - a scroll of amnesia {unknown}
 u - a scroll of fear {unknown}
Potions
 h - 3 potions of agility
 i - a potion of mutation
 o - a potion of heal wounds
 p - 2 potions of curing
 q - a potion of ambrosia {unknown}
 v - a potion of cancellation {unknown}
Comestibles
 f - 5 rations


   Skills:
 + Level 3.2 Fighting
 + Level 3.4 Short Blades
 * Level 8.6 Slings
 + Level 4.0 Dodging
 - Level 1.1 Stealth


You had 6 spell levels left.
You didn't know any spells.
Your spell library was empty.

Dungeon Overview and Level Annotations

Branches:
Dungeon (4/15)             Temple (1/1) D:4

Altars:
Dithmenos
Fedhas
Makhleb
Nemelex Xobeh
Okawaru
Vehumet
Wu Jian
Yredelemnul
Zin
The Shining One


Innate Abilities, Weirdness & Mutations

You are small and have problems with some larger weapons.
You are somewhat resistant to further mutation.


Message History

* * * LOW HITPOINT WARNING * * *
Firing (i - inventory. (/) - cycle)
d - 18 sling bullets (quivered)
Press: ? - help, Shift-Dir - straight line, f/p - centaur
Aim: a centaur, wielding a +0 shortbow (moderately wounded)
You shoot a sling bullet.
The sling bullet barely misses the centaur.
The centaur shoots an arrow.
The arrow barely misses you.
Firing (i - inventory. (/) - cycle)
d - 17 sling bullets (quivered)
Press: ? - help, Shift-Dir - straight line, f/p - centaur
Aim: a centaur, wielding a +0 shortbow (moderately wounded)
You shoot a sling bullet. The sling bullet hits the centaur!
The centaur is heavily wounded.
The centaur shoots an arrow.
The arrow closely misses you.
Firing (i - inventory. (/) - cycle)
d - 16 sling bullets (quivered)
Press: ? - help, Shift-Dir - straight line, f/p - centaur
Aim: a centaur, wielding a +0 shortbow (heavily wounded)
You shoot a sling bullet. The sling bullet hits the centaur.
The centaur is severely wounded.
The centaur shoots an arrow.
The arrow hits you!
You die...

###.....## ##........#
##(........ ##.#
#.........# ##....##
((........ ##......#
...c.(...# #.......##
......(..# ##........#
.......@####.........###
...>...................#
..........(.............
#.....#####.........).##
##.... #............##
##..# #............# ###
##............#
#.............#
#............##


You could see a centaur.

Vanquished Creatures
  2 ogres (D:4)
  2 orc wizards (D:3)
  A worker ant (D:4)
  A howler monkey skeleton (D:3)
  3 gnolls (D:4)
  5 adders
  An ooze (D:3)
  4 worms
  3 dart slugs
  5 leopard geckos
  6 orcs
  2 ball pythons (D:3)
  2 giant cockroaches
  9 goblins
  8 hobgoblins
  6 jackals
  5 kobolds
  6 bats
  5 frilled lizards
  A jackal skeleton (D:3)
  11 rats
88 creatures vanquished.

Notes
Turn   | Place    | Note
-------+----------+-------------------------------------------
     0 | D:1      | Morrissey the Halfling Hunter began the quest for the Orb.
     0 | D:1      | Reached XP level 1. HP: 14/14 MP: 1/1
   186 | D:1      | Reached skill level 6 in Slings
   288 | D:1      | Reached XP level 2. HP: 14/19 MP: 2/2
   578 | D:1      | Reached skill level 1 in Short Blades
   674 | D:1      | Reached XP level 3. HP: 24/24 MP: 3/3
  1152 | D:2      | Reached XP level 4. HP: 29/29 MP: 4/4
  1890 | D:3      | Reached skill level 7 in Slings
  1890 | D:3      | Reached XP level 5. HP: 31/35 MP: 5/5
  2443 | D:3      | Reached XP level 6. HP: 41/41 MP: 6/6
  2928 | D:4      | Noticed an ogre
  2934 | D:4      | Killed an ogre
  2934 | D:4      | Reached skill level 8 in Slings
  3122 | D:4      | Noticed an ogre
  3127 | D:4      | Killed an ogre
  3127 | D:4      | Reached XP level 7. HP: 46/46 MP: 7/7
  3243 | D:4      | Found a staircase to the Ecumenical Temple.
  3281 | Temple   | Entered the Ecumenical Temple
  3378 | Temple   | Became a worshipper of Warmaster Okawaru
  3512 | D:4      | Shot with an arrow by a centaur

Skill      XL: |  1  2  3  4  5  6  7 |
---------------+----------------------+-----
Slings         | 6 7 8 |  8.6
Fighting       | 2 3 |  3.2
Short Blades   | 1 2 3 |  3.4
Dodging        | 3 4 |  4.0
Stealth        | |  1.1

Action                   |  1- 3 |  4- 6 |  7- 9 || total
-------------------------+-------+-------+-------++-------
Melee: Dagger            |     2 |    34 |       ||    36
 Fire: Hunting sling     |    95 |   174 |    18 ||   287
  Use: Scroll            |     1 |     5 |       ||     6
  Eat: Chunk             |     1 |     5 |     2 ||     8
Armor: Leather armour    |     4 |     2 |     1 ||     7
Dodge: Dodged            |    13 |    39 |     3 ||    55
